General information
- name: BNet
- type: Ladder team game (AT/RT)
- host: Battle.net
- saver: GHETTo_uNDERLOR
map: Slalom
- players: 8
- length: 27:14
- speed: Fast
- version: 1.26 W3XP
- replay type: Public
» download(157 KB)
Players
team 1 (loser)
Flareblitz (
teal | 43 APM | 1113 actions | 26:02)
9 Priestess of the Moon
3 Trueshot Aura
3 Searing Arrows
1 Starfall
2 Scout
» actions
| Assign group hotkey | 15 | |
| Basic commands | 2 | |
| Build / train | 65 | |
| Enter build submenu | 17 | |
| Enter hero's abilities submenu | 9 | |
| Right click | 644 | |
| Select / deselect | 208 | |
| Select group hotkey | 111 | |
| Use ability | 42 | |
1113 total
» units
» upgrades
| Strength of the Wild | 3 | |
| Reinforced Hides | 4 | |
| Well Spring | 1 | |
| Corrosive Breath | 1 | |
| Ultravision | 1 | |
10 total
» buildings
| Moon Well | 8 | |
| Ancient of War | 1 | |
| Altar of Elders | 1 | |
| Tree of Ages | 1 | |
| Ancient of Wind | 1 | |
| Tree of Eternity | 1 | |
| Hunter's Hall | 1 | |
| Tree of Life | 1 | |
| Chimaera Roost | 3 | |
| Ancient of Wonders | 1 | |
19 total
» build order
00:39 Moon Well
00:44 Ancient of War
01:17 Altar of Elders
01:22 Moon Well
02:06 Moon Well
03:05 Tree of Ages
05:30 Ancient of Wind
05:30 Tree of Eternity
05:35 Hunter's Hall
06:51 Tree of Life
07:32 Moon Well
07:34 Moon Well
07:54 Chimaera Roost
07:58 Chimaera Roost
08:01 Chimaera Roost
09:23 Moon Well
11:17 Moon Well
12:12 Moon Well
15:41 Ancient of Wonders
» items
| Scroll of Town Portal | 2 | |
| Moonstone | 1 | |
3 total
Kodoku (
pink | 57 APM | 1487 actions | 26:13)
6 Mountain King
3 Storm Bolt
2 Bash
1 Avatar
4 Dark Ranger
2 Silence
2 Black Arrow
2 Firelord
1 Summon Lava Spawn
1 Soul Burn
» actions
| Assign group hotkey | 28 | |
| Basic commands | 147 | |
| Build / train | 70 | |
| ESC pressed | 5 | |
| Enter build submenu | 21 | |
| Enter hero's abilities submenu | 13 | |
| Give item / drop item | 1 | |
| Right click | 460 | |
| Select / deselect | 369 | |
| Select group hotkey | 275 | |
| Use ability | 97 | |
1487 total
» units
| Peasant | 15 | |
| Footman | 3 | |
| Priest | 7 | |
| Spell Breaker | 3 | |
28 total
» upgrades
| Masonry | 3 | |
| Magic Sentry | 1 | |
| Priest Training | 3 | |
| Control Magic | 1 | |
| Plating | 2 | |
| Swords | 2 | |
12 total
» buildings
| Altar of Kings | 1 | |
| Barracks | 1 | |
| Farm | 8 | |
| Lumber Mill | 1 | |
| Arcane Vault | 1 | |
| Keep | 1 | |
| Arcane Sanctum | 2 | |
| Town Hall | 2 | |
| Gryphon Aviary | 1 | |
| Castle | 1 | |
| Blacksmith | 1 | |
| Scout Tower | 2 | |
| Guard Tower | 1 | |
23 total
» build order
00:06 Altar of Kings
00:09 Barracks
01:13 Farm
01:43 Farm
02:18 Farm
02:44 Farm
03:11 Lumber Mill
04:22 Arcane Vault
04:24 Keep
04:29 Farm
06:37 Farm
07:03 Arcane Sanctum
07:07 Arcane Sanctum
07:51 Town Hall
08:09 Gryphon Aviary
09:02 Castle
09:41 Farm
12:08 Blacksmith
12:11 Scout Tower
12:15 Scout Tower
13:08 Farm
13:53 Guard Tower
21:33 Town Hall
» items
| Lesser Clarity Potion | 3 | |
| Scroll of Regeneration | 1 | |
| Mechanical Critter | 2 | |
| Staff of Sanctuary | 1 | |
| Potion of Healing | 4 | |
| Orb of Fire | 1 | |
12 total

»
jaii6 (
red | 21 APM | 567 actions | 27:11)
6 Archmage
3 Summon Water Elemental
2 Brilliance Aura
1 Blizzard
» actions
| Assign group hotkey | 6 | |
| Basic commands | 21 | |
| Build / train | 53 | |
| ESC pressed | 2 | |
| Enter build submenu | 15 | |
| Enter hero's abilities submenu | 6 | |
| Right click | 172 | |
| Select / deselect | 230 | |
| Select group hotkey | 26 | |
| Use ability | 36 | |
567 total
» units
| Peasant | 14 | |
| Rifleman | 4 | |
| Gryphon Rider | 11 | |
| Chimaera | 1 | |
30 total
» upgrades
| Swords | 3 | |
| Armor | 3 | |
| Lumber Harvesting | 2 | |
| Animal War Training | 1 | |
| Storm Hammers | 1 | |
| Masonry | 3 | |
13 total
» buildings
| Farm | 10 | |
| Altar of Kings | 1 | |
| Barracks | 1 | |
| Lumber Mill | 1 | |
| Blacksmith | 1 | |
| Keep | 1 | |
| Castle | 1 | |
| Gryphon Aviary | 3 | |
| Town Hall | 1 | |
| Arcane Vault | 1 | |
21 total
» build order
00:09 Farm
00:12 Altar of Kings
01:02 Barracks
01:13 Farm
02:12 Farm
02:19 Lumber Mill
02:28 Blacksmith
02:56 Farm
02:57 Farm
02:59 Farm
03:32 Keep
06:10 Castle
06:55 Gryphon Aviary
06:56 Gryphon Aviary
07:00 Gryphon Aviary
08:55 Town Hall
09:30 Farm
09:48 Farm
09:50 Farm
09:52 Farm
17:10 Arcane Vault

»
Cum_on_my_face (
purple | 59 APM | 1548 actions | 26:06)
6 Far Seer
3 Feral Spirit
3 Chain Lighting
» actions
| Assign group hotkey | 33 | |
| Basic commands | 57 | |
| Build / train | 60 | |
| Enter build submenu | 24 | |
| Enter hero's abilities submenu | 6 | |
| Remove unit from queue | 2 | |
| Right click | 669 | |
| Select / deselect | 324 | |
| Select group hotkey | 282 | |
| Use ability | 91 | |
1548 total
» units
| Peon | 19 | |
| Wind Rider | 4 | |
| Troll Batrider | 11 | |
| Raider | 2 | |
36 total
» upgrades
| Ranged Weapons | 3 | |
| Armor | 3 | |
| Liquid Fire | 1 | |
| Envenomed Spears | 1 | |
| Reinforced Defenses | 1 | |
| Melee Weapons | 2 | |
11 total
» buildings
| Altar of Storms | 1 | |
| Orc Burrow | 9 | |
| War Mill | 1 | |
| Watch Tower | 7 | |
| Stronghold | 1 | |
| Voodoo Lounge | 2 | |
| Great Hall | 4 | |
| Beastiary | 3 | |
| Fortress | 1 | |
29 total
» build order
00:09 Altar of Storms
00:12 Orc Burrow
00:34 War Mill
01:35 Orc Burrow
02:59 Watch Tower
03:00 Watch Tower
04:07 Stronghold
05:12 Voodoo Lounge
05:23 Great Hall
05:28 Watch Tower
05:33 Watch Tower
05:34 Watch Tower
05:35 Watch Tower
05:36 Watch Tower
05:55 Orc Burrow
05:56 Orc Burrow
06:39 Voodoo Lounge
06:50 Beastiary
06:55 Beastiary
09:05 Fortress
10:02 Orc Burrow
10:04 Orc Burrow
19:24 Beastiary
19:50 Orc Burrow
19:52 Orc Burrow
19:53 Orc Burrow
20:29 Great Hall
20:34 Great Hall
20:37 Great Hall
» items
| Circlet of Nobility | 1 | |
| Healing Salve | 1 | |
2 total
team 2 (winner)
fenixc (
green | 39 APM | 1063 actions | 27:11)
7 Demon Hunter
2 Mana Burn
1 Immolation
3 Evasion
1 Metamorphosis
» actions
| Basic commands | 16 | |
| Build / train | 99 | |
| Enter build submenu | 18 | |
| Enter hero's abilities submenu | 7 | |
| Give item / drop item | 1 | |
| Remove unit from queue | 3 | |
| Right click | 675 | |
| Select / deselect | 203 | |
| Use ability | 41 | |
1063 total
» units
| Wisp | 25 | |
| Archer | 3 | |
| Chimaera | 18 | |
| Hippogryph | 28 | |
74 total
» upgrades
| Reinforced Hides | 3 | |
| Strength of the Wild | 2 | |
| Corrosive Breath | 1 | |
6 total
» buildings
| Moon Well | 9 | |
| Ancient of War | 1 | |
| Altar of Elders | 1 | |
| Tree of Ages | 1 | |
| Hunter's Hall | 1 | |
| Ancient of Wonders | 1 | |
| Tree of Eternity | 2 | |
| Ancient of Wind | 1 | |
| Tree of Life | 1 | |
| Chimaera Roost | 3 | |
21 total
» build order
00:34 Moon Well
01:31 Ancient of War
01:42 Altar of Elders
02:21 Moon Well
02:53 Moon Well
02:57 Tree of Ages
03:31 Hunter's Hall
03:58 Moon Well
04:49 Ancient of Wonders
06:01 Tree of Eternity
06:01 Tree of Eternity
06:07 Ancient of Wind
07:22 Tree of Life
09:14 Chimaera Roost
09:18 Chimaera Roost
09:21 Chimaera Roost
10:51 Moon Well
11:49 Moon Well
12:44 Moon Well
14:07 Moon Well
27:09 Moon Well
» items
| Potion of Healing | 2 | |
| Orb of Venom | 1 | |
| Scroll of Town Portal | 2 | |
5 total

»
GHETTo_uNDERLOR (
yellow | 49 APM | 1337 actions | 27:14)
9 Archmage
3 Summon Water Elemental
3 Brilliance Aura
1 Mass Teleport
2 Blizzard
» actions
| Assign group hotkey | 137 | |
| Basic commands | 49 | |
| Build / train | 84 | |
| Enter build submenu | 41 | |
| Enter hero's abilities submenu | 9 | |
| Give item / drop item | 3 | |
| Right click | 454 | |
| Select / deselect | 257 | |
| Select group hotkey | 203 | |
| Use ability | 100 | |
1337 total
» units
» upgrades
| Masonry | 3 | |
| Plating | 3 | |
| Gunpowder | 4 | |
| Barrage | 1 | |
| Magic Sentry | 1 | |
| Lumber Harvesting | 2 | |
14 total
» buildings
| Farm | 10 | |
| Altar of Kings | 1 | |
| Arcane Vault | 1 | |
| Lumber Mill | 2 | |
| Blacksmith | 1 | |
| Scout Tower | 21 | |
| Arcane Tower | 2 | |
| Keep | 1 | |
| Castle | 1 | |
| Workshop | 4 | |
| Arcane Sanctum | 1 | |
| Town Hall | 3 | |
| Guard Tower | 6 | |
54 total
» build order
00:29 Farm
00:54 Altar of Kings
01:08 Farm
01:22 Arcane Vault
01:27 Lumber Mill
01:38 Farm
02:09 Blacksmith
02:22 Scout Tower
02:51 Arcane Tower
03:35 Keep
04:23 Farm
04:27 Farm
04:30 Farm
05:15 Farm
06:10 Castle
06:13 Workshop
06:16 Workshop
06:19 Workshop
06:25 Workshop
07:32 Arcane Sanctum
09:30 Farm
09:37 Farm
10:06 Scout Tower
10:07 Scout Tower
10:09 Scout Tower
10:36 Town Hall
11:09 Guard Tower
12:14 Guard Tower
12:54 Lumber Mill
13:57 Farm
17:43 Town Hall
18:29 Scout Tower
18:30 Scout Tower
18:33 Scout Tower
18:34 Scout Tower
19:16 Guard Tower
19:45 Guard Tower
20:05 Arcane Tower
21:59 Town Hall
25:10 Scout Tower
25:12 Scout Tower
25:15 Scout Tower
25:16 Scout Tower
25:21 Scout Tower
25:22 Scout Tower
25:22 Scout Tower
25:25 Scout Tower
25:26 Scout Tower
25:26 Scout Tower
25:27 Scout Tower
25:29 Scout Tower
25:30 Scout Tower
25:57 Guard Tower
26:00 Guard Tower
» items
| Scroll of Regeneration | 1 | |
| Potion of Healing | 2 | |
| Lesser Clarity Potion | 3 | |
| Potion of Mana | 1 | |
| Orb of Venom | 1 | |
| Staff of Preservation | 1 | |
| Scroll of Town Portal | 2 | |
| Staff of Sanctuary | 1 | |
12 total
Area51 (
orange | 21 APM | 571 actions | 27:11)
5 Demon Hunter
3 Immolation
2 Evasion
» actions
| Assign group hotkey | 5 | |
| Build / train | 63 | |
| Enter build submenu | 20 | |
| Enter hero's abilities submenu | 6 | |
| Remove unit from queue | 1 | |
| Right click | 217 | |
| Select / deselect | 183 | |
| Select group hotkey | 32 | |
| Use ability | 43 | |
571 total
» units
| Wisp | 14 | |
| Hippogryph | 19 | |
| Chimaera | 15 | |
48 total
» upgrades
| Strength of the Wild | 2 | |
| Reinforced Hides | 2 | |
| Corrosive Breath | 1 | |
5 total
» buildings
| Moon Well | 9 | |
| Altar of Elders | 1 | |
| Tree of Ages | 1 | |
| Hunter's Hall | 1 | |
| Tree of Eternity | 1 | |
| Ancient of Wind | 2 | |
| Chimaera Roost | 4 | |
| Tree of Life | 3 | |
22 total
» build order
00:45 Moon Well
00:49 Moon Well
00:56 Altar of Elders
02:08 Moon Well
02:59 Moon Well
03:16 Tree of Ages
03:27 Hunter's Hall
04:13 Moon Well
04:20 Moon Well
05:37 Tree of Eternity
06:09 Moon Well
06:27 Ancient of Wind
08:00 Chimaera Roost
08:04 Chimaera Roost
08:10 Chimaera Roost
08:15 Chimaera Roost
10:12 Tree of Life
10:55 Moon Well
11:28 Moon Well
15:27 Ancient of Wind
19:29 Tree of Life
22:37 Tree of Life
» items

»
rawl (
blue | 27 APM | 724 actions | 27:11)
7 Crypt Lord
3 Carrion Beetles
3 Spiked Carapace
1 Locust Swarm
4 Death Knight
2 Death Coil
2 Unholy Aura
» actions
| Assign group hotkey | 6 | |
| Basic commands | 54 | |
| Build / train | 42 | |
| Enter build submenu | 18 | |
| Enter hero's abilities submenu | 11 | |
| Right click | 366 | |
| Select / deselect | 173 | |
| Select group hotkey | 20 | |
| Use ability | 34 | |
724 total
» units
| Acolyte | 2 | |
| Ghoul | 4 | |
| Crypt Fiend | 5 | |
| Frost Wyrm | 8 | |
19 total
» upgrades
| Creature Attack | 2 | |
| Creature Carapace | 2 | |
| Web | 1 | |
| Burrow | 1 | |
| Freezing Breath | 1 | |
7 total
» buildings
| Altar of Darkness | 1 | |
| Ziggurat | 8 | |
| Crypt | 2 | |
| Graveyard | 1 | |
| Tomb of Relics | 1 | |
| Halls of the Dead | 1 | |
| Black Citadel | 1 | |
| Sacrificial Pit | 1 | |
| Boneyard | 2 | |
18 total
» build order
00:09 Altar of Darkness
00:15 Ziggurat
00:33 Crypt
00:57 Graveyard
01:44 Ziggurat
02:10 Crypt
02:38 Ziggurat
04:39 Tomb of Relics
05:42 Halls of the Dead
07:58 Ziggurat
08:00 Ziggurat
09:08 Black Citadel
09:21 Sacrificial Pit
11:36 Boneyard
12:32 Boneyard
15:59 Ziggurat
16:02 Ziggurat
19:41 Ziggurat
» items
Chat log
(00:04 / All) Kodoku: rofl purp
(00:12 / All) GHETTo_uNDERLOR: ive seen him around before
(00:13 / All) GHETTo_uNDERLOR: not recently
(00:22 / All) Kodoku: no... was definitely recently
(00:25 / All) Kodoku: remember
(00:35 / All) GHETTo_uNDERLOR: no?
(00:39 / All) Kodoku: We wen't back in fourth with some taunting phrase that someone said
(00:42 / All) Kodoku: can't remember what it was
(00:44 / All) Cum_on_my_face: did I pwn noobs or what
(00:45 / All) Kodoku: I dunno, he was on your team though
(00:47 / All) Kodoku: and i lose
(00:49 / All) GHETTo_uNDERLOR: oh
(00:49 / All) Kodoku: lost*
(00:53 / All) Kodoku: Yeah you did
(01:00 / All) Cum_on_my_face: Hell yeah I did
(01:05 / All) Kodoku: I can't remember
(01:06 / All) Cum_on_my_face: its a blessing to have an ass hole like me try
(01:08 / All) Kodoku: his team won anyway
(01:09 / Allies) fenixc: first game in months
(01:21 / All) Cum_on_my_face: I tk
(01:24 / All) Cum_on_my_face: A LOT
(01:25 / All) Kodoku: k
(01:31 / All) GHETTo_uNDERLOR: noted
(01:31 / All) Cum_on_my_face: if an ally P's me off
(01:51 / All) GHETTo_uNDERLOR: PURPLE YOU FUCKING SUCK I DARE YOU TO TRY AND BEAT ME
(01:58 / All) GHETTo_uNDERLOR: there, pies, that should make sure he doesnt TK you
(02:10 / All) Cum_on_my_face: Nah dont care about shit talking from opposing team
(02:20 / All) Cum_on_my_face: For example, if I ask "UNITS" at the start, if some kid
(02:25 / All) Cum_on_my_face: wants to be tough and yells "STFU"
(02:27 / All) Cum_on_my_face: He gets tk'd
(03:29 / All) GHETTo_uNDERLOR: oh boy OJ what are you doing
(03:44 / All) Kodoku: what is he doin
(03:58 / All) GHETTo_uNDERLOR: doing a really crappy late hero rush on the Slalom map, lmao
(04:04 / All) Kodoku: lol
(05:00 / All) GHETTo_uNDERLOR: lol immo aura
(05:14 / All) Kodoku: yeah
(05:16 / All) Kodoku: was not expecting that
(06:04 / All) Kodoku: Hi blue
(06:10 / All) rawl: greetings
(08:41 / All) Flareblitz: thanks for respecting our creeping
(10:29 / Allies) Area51: bitch
(10:52 / All) GHETTo_uNDERLOR: lol i help OJ creep and he thanks me by saying "bitch"
(11:05 / All) Flareblitz: were you autofollowing him?
(11:11 / All) GHETTo_uNDERLOR: nope
(11:14 / Allies) Area51: how the fuck did you help me when you took my heros xp and item
(11:29 / All) GHETTo_uNDERLOR: "how the fuck did you help me when you took my heros XP and item"
(11:30 / All) GHETTo_uNDERLOR: lol
(11:35 / All) GHETTo_uNDERLOR: IM SORRY I THOUGHT THIS WAS A TEAM GAME
(11:37 / All) Kodoku: lol
(11:53 / Allies) Area51: yeah against enemies not fucking gay ass creeps
(14:46 / Allies) Area51: owned all but 1 hero
(18:03 / All) Kodoku: Purp thinks that he would rather i make no units than not knights
(18:16 / All) Kodoku: oh well
(18:20 / All) GHETTo_uNDERLOR: lolwut
(18:31 / All) Kodoku: I don't blame him for having chronic backstabbing disorder
(18:31 / All) Cum_on_my_face: Ass fuck is massing breakers
(18:38 / All) Kodoku: I used to have that too
(18:39 / All) Kodoku: Took a long time to utgrow it
(18:55 / All) Cum_on_my_face: This idiot already has melee/iron upgrades...all he needs is 1 more barrack and he has knights
(20:23 / All) Kodoku: Pink, you don't contribute usefully to the team! Now watch as I kill my allies instead of my enemies! Because that's useful!!!
(20:42 / All) Cum_on_my_face: oh no...just killing you
(20:43 / All) GHETTo_uNDERLOR: lol he thinks a level 1 smurf will care
(20:48 / All) Kodoku: Pretty much
(21:55 / All) Cum_on_my_face: OH LOOK AT THAT PINK
(21:59 / All) Cum_on_my_face: ALL THATS LEFT ARE TANKS AND FIENDS....
(22:05 / All) Cum_on_my_face: GUESS WHAT DESTROYS TANKS AND FIENDS BETTER THAN PRIESTS
(22:11 / All) Kodoku: braekers?
(23:19 / All) Kodoku: rofl owned noob yellow!!!!!!!!
(23:48 / All) Kodoku: well i tried to save your base purp
(23:49 / All) GHETTo_uNDERLOR: my teams bases: 7
(23:51 / All) Kodoku: I really did
(23:52 / All) GHETTo_uNDERLOR: your teams bases: 2
(23:55 / All) GHETTo_uNDERLOR: ROFL OWNED
(24:01 / All) Cum_on_my_face: Even if you tried you were as useful as if you didnt
(24:16 / All) Kodoku: But don't you think if you let me live I would have helped your base better?
(24:32 / All) Cum_on_my_face: no because the units you made are USELESS against fiend/tank
(24:37 / All) GHETTo_uNDERLOR: lol dont worry pies, teamkillers have no sense of logic
(24:41 / All) Kodoku: hah
(25:05 / All) Cum_on_my_face: logic would be building units that effectively counter the other team
(25:11 / All) Cum_on_my_face: I wanted bat/wyv
(25:15 / All) Kodoku: you reallize how much shit i've killed this game?
(25:16 / All) Cum_on_my_face: instead I switched to bat raider
(25:28 / All) Cum_on_my_face: bat to counter all your chim/wyrm
(25:29 / All) Kodoku: Tons man
(25:29 / All) Kodoku: tons
(25:31 / All) Cum_on_my_face: raider to counter your tank
(25:42 / All) Cum_on_my_face: Pink on the other hand "didnt feel like changing tech"
(25:47 / All) Kodoku: heh
(25:55 / All) Kodoku: oh well
(25:56 / All) Kodoku: gg
(25:56 / All) Cum_on_my_face: Which means he didnt want to build ONE more barrack and click on a knights picture
(26:07 / All) Kodoku: Im out
(26:08 / All) Kodoku: seeya
(26:12 / All) Kodoku: purps a mad nerd
(26:12 / All) Kodoku: Lol
(26:23 / All) GHETTo_uNDERLOR: gg
(26:34 / All) GHETTo_uNDERLOR: was fun :P
(26:47 / All) GHETTo_uNDERLOR: NOTE SINCE THIS REPLAY WILL GO ON HIGHPER.CH: TEELO R TEH PRO
(26:51 / All) GHETTo_uNDERLOR: THE-GHETTO.ORG